TOP OF THE 1ST |
Albuquerque Isotopes batting - Pitching for Spokane Trappers : LHP Alberto Cabrera
|
Pitching: LHP Alberto Cabrera
|
|
Batting: LHB Juan Carlos Sánchez
|
0-0: Swinging Strike 0-1: Ball 1-1: Called Strike 1-2: Strikes out swinging
|
Batting: RHB Dave Mullen
|
0-0: Called Strike 0-1: Ball 1-1: Ball 2-1: Swinging Strike 2-2: Ball 3-2: Fly out, F2 (Popup, 3S)
|
Batting: RHB Arturo García
|
0-0: Called Strike 0-1: Swinging Strike 0-2: Strikes out swinging
|
Top of the 1st over - 0 run(s), 0 hit(s), 0 error(s), 0 left on base; Albuquerque 0 - Spokane 0 |
BOTTOM OF THE 1ST |
Spokane Trappers batting - Pitching for Albuquerque Isotopes : RHP Mark Sanders
|
Pitching: RHP Mark Sanders
|
|
Batting: RHB Ramiro Ross
|
0-0: Ball 1-0: Foul Ball, location: 2F 1-1: Ball 2-1: SINGLE (Groundball, 56D)
|
Batting: RHB Robert Marks
|
0-0: Called Strike 0-1: Foul Ball, location: 2F 0-2: Ball 1-2: Fly out, F2 (Popup, 5S)
|
Batting: RHB Pedro Guzmán
|
0-0: Foul Ball, location: 2F 0-1: Swinging Strike 0-2: Ball 1-2: Ball 2-2: Strikes out swinging
|
Batting: RHB José Gómez
|
0-0: Ball 1-0: Fielders Choice at 2nd, 4-6 (Groundball, 4)
|
Bottom of the 1st over - 0 run(s), 1 hit(s), 0 error(s), 0 left on base; Albuquerque 0 - Spokane 0 |
TOP OF THE 2ND |
Albuquerque Isotopes batting - Pitching for Spokane Trappers : LHP Alberto Cabrera
|
Batting: LHB Bernardo Montés
|
0-0: Foul Ball, location: 2F 0-1: Called Strike 0-2: Ball 1-2: Strikes out swinging
|
Batting: LHB António De Los Ángeles
|
0-0: Called Strike 0-1: Ball 1-1: SINGLE (Groundball, 34D)
|
Batting: RHB Alfonso Huertas
|
0-0: Grounds into double play, 5-4-3 (Groundball, 56)
|
Top of the 2nd over - 0 run(s), 1 hit(s), 0 error(s), 0 left on base; Albuquerque 0 - Spokane 0 |
BOTTOM OF THE 2ND |
Spokane Trappers batting - Pitching for Albuquerque Isotopes : RHP Mark Sanders
|
Batting: LHB Will Hill
|
0-0: Swinging Strike 0-1: Ground out 1-3 (Groundball, P)
|
Batting: RHB Enrico Rodríguez
|
0-0: Ball 1-0: Called Strike 1-1: Foul Ball, location: 2F 1-2: Ball 2-2: Ground out 4-3 (Groundball, 4)
|
Batting: SHB Glenn Vadnais
|
0-0: Ball 1-0: Ground out U3 (Groundball, 34)
|
Bottom of the 2nd over - 0 run(s), 0 hit(s), 0 error(s), 0 left on base; Albuquerque 0 - Spokane 0 |
TOP OF THE 3RD |
Albuquerque Isotopes batting - Pitching for Spokane Trappers : LHP Alberto Cabrera
|
Batting: RHB Juan Alberto
|
0-0: Called Strike 0-1: Ball 1-1: Called Strike 1-2: Ball 2-2: SINGLE (Groundball, 6D)
|
Batting: LHB Fernando Ortíz
|
0-0: Ball 1-0: Called Strike 1-1: Foul Ball, location: 2F 1-2: Ball 2-2: Strikes out swinging
|
Batting: RHB Lorenzo Ayala
|
0-0: Ball 1-0: Foul Ball, location: 2F 1-1: Ball 2-1: Swinging Strike 2-2: Strikes out swinging
|
Batting: LHB Juan Carlos Sánchez
|
0-0: Ball 1-0: Called Strike 1-1: Ball 2-1: Foul Ball, location: 2F 2-2: Fielders Choice at 2nd, 6-4 (Groundball, 6)
|
Top of the 3rd over - 0 run(s), 1 hit(s), 0 error(s), 0 left on base; Albuquerque 0 - Spokane 0 |
BOTTOM OF THE 3RD |
Spokane Trappers batting - Pitching for Albuquerque Isotopes : RHP Mark Sanders
|
Batting: LHB Alan Moore
|
0-0: Called Strike 0-1: Called Strike 0-2: Ball 1-2: Ball 2-2: Ball 3-2: Foul Ball, location: 2F 3-2: Foul Ball, location: 2F 3-2: Base on Balls
|
Batting: RHB Alejandro Ramos
|
0-0: Ball 1-0: SINGLE (Groundball, 56D) Alan Moore to second Alan Moore to third
|
Batting: RHB Ramiro Ross
|
0-0: Ball 1-0: SINGLE (Flyball, 8RS) Alan Moore scores Alejandro Ramos to second Runner from 2nd tries for 3rd, SAFE, throw made to third
|
Batting: RHB Robert Marks
|
0-0: Swinging Strike 0-1: SINGLE (Groundball, 3D) Alejandro Ramos scores Ramiro Ross to second Runner from 2nd tries for 3rd, SAFE, throw made to third
|
Batting: RHB Pedro Guzmán
|
0-0: Ball 1-0: Foul Ball, location: 2F 1-1: Called Strike 1-2: Ball 2-2: SINGLE (Groundball, 34D) Ramiro Ross scores Robert Marks to second
|
Batting: RHB José Gómez
|
0-0: SINGLE (Groundball, 6MD) Robert Marks to third Pedro Guzmán to second
|
Batting: LHB Will Hill
|
0-0: Ball 1-0: Called Strike 1-1: Ball 2-1: Ball 3-1: Base on Balls Robert Marks scores Pedro Guzmán to third José Gómez to second
|
Batting: RHB Enrico Rodríguez
|
0-0: Fly out, F8 (Line Drive, 89M)
|
Batting: SHB Glenn Vadnais
|
0-0: Fly out, F6 (Line Drive, 6)
|
Batting: LHB Alan Moore
|
0-0: Swinging Strike 0-1: Ball 1-1: Single, Error in OF, E7, batter to second base Pedro Guzmán scores José Gómez scores Will Hill to third
|
Batting: RHB Alejandro Ramos
|
0-0: Ball 1-0: SINGLE (Groundball, 6D) Will Hill scores Alan Moore to third
|
Batting: RHB Ramiro Ross
|
0-0: Ball 1-0: Fielders Choice at 2nd, 6-4 (Groundball, 6)
|
Bottom of the 3rd over - 7 run(s), 7 hit(s), 1 error(s), 1 left on base; Albuquerque 0 - Spokane 7 |
TOP OF THE 4TH |
Albuquerque Isotopes batting - Pitching for Spokane Trappers : LHP Alberto Cabrera
|
Batting: RHB Dave Mullen
|
0-0: Ball 1-0: Ball 2-0: Ball 3-0: Called Strike 3-1: Foul Ball, location: 2F 3-2: Foul Ball, location: 2F 3-2: Strikes out looking
|
Batting: RHB Arturo García
|
0-0: Called Strike 0-1: Swinging Strike 0-2: Strikes out swinging
|
Batting: LHB Bernardo Montés
|
0-0: Called Strike 0-1: SINGLE (Flyball, 8RS)
|
Batting: LHB António De Los Ángeles
|
0-0: SINGLE (Groundball, 6D) Bernardo Montés to second
|
Batting: RHB Alfonso Huertas
|
0-0: Ground out 1-3 (Groundball, 13)
|
Top of the 4th over - 0 run(s), 2 hit(s), 0 error(s), 2 left on base; Albuquerque 0 - Spokane 7 |
BOTTOM OF THE 4TH |
Spokane Trappers batting - Pitching for Albuquerque Isotopes : RHP Mark Sanders
|
Batting: RHB Robert Marks
|
0-0: Ground out 5-3 (Groundball, 56)
|
Batting: RHB Pedro Guzmán
|
0-0: Ball 1-0: SOLO HOME RUN (Flyball, 7D), Distance : 367 ft
|
Batting: RHB José Gómez
|
0-0: Called Strike 0-1: Foul Ball, location: 2F 0-2: Ball 1-2: Fly out, F7 (Flyball, 7S)
|
Batting: LHB Will Hill
|
0-0: SINGLE (Flyball, 7S) - OUT at second base trying to stretch hit.
|
Bottom of the 4th over - 1 run(s), 2 hit(s), 0 error(s), 0 left on base; Albuquerque 0 - Spokane 8 |
TOP OF THE 5TH |
Albuquerque Isotopes batting - Pitching for Spokane Trappers : LHP Alberto Cabrera
|
Batting: RHB Juan Alberto
|
0-0: Ground out 6-3 (Groundball, 6)
|
Batting: LHB Fernando Ortíz
|
0-0: Called Strike 0-1: Ball 1-1: Ball 2-1: SINGLE (Groundball, 34D)
|
Batting: RHB Lorenzo Ayala
|
0-0: Called Strike 0-1: Ball 1-1: Called Strike 1-2: DOUBLE (Line Drive, 78XD) Fernando Ortíz to third
|
Batting: LHB Juan Carlos Sánchez
|
0-0: Foul Ball, location: 2F 0-1: Ball 1-1: Called Strike 1-2: Ball 2-2: Strikes out swinging
|
Batting: RHB Dave Mullen
|
0-0: Swinging Strike 0-1: Ball 1-1: Ball 2-1: Ball 3-1: Called Strike 3-2: Ground out 5-3 (Groundball, 56S)
|
Top of the 5th over - 0 run(s), 2 hit(s), 0 error(s), 2 left on base; Albuquerque 0 - Spokane 8 |
BOTTOM OF THE 5TH |
Spokane Trappers batting - Pitching for Albuquerque Isotopes : RHP Mark Sanders
|
Batting: RHB Enrico Rodríguez
|
0-0: Called Strike 0-1: Ball 1-1: Called Strike 1-2: SINGLE (Groundball, 6MD)
|
Batting: SHB Glenn Vadnais
|
0-0: Ball 1-0: Grounds into double play, 4-6-3 (Groundball, 4)
|
Batting: LHB Alan Moore
|
0-0: Ball 1-0: Foul Ball, location: 2F 1-1: Ball 2-1: Swinging Strike 2-2: Foul Ball, location: 2F 2-2: Fly out, F9 (Flyball, 9)
|
Bottom of the 5th over - 0 run(s), 1 hit(s), 0 error(s), 0 left on base; Albuquerque 0 - Spokane 8 |
TOP OF THE 6TH |
Albuquerque Isotopes batting - Pitching for Spokane Trappers : LHP Alberto Cabrera
|
Batting: RHB Arturo García
|
0-0: Called Strike 0-1: Ground out 1-3 (Groundball, 13)
|
Batting: LHB Bernardo Montés
|
0-0: Ground out 4-3 (Groundball, 4S)
|
Batting: LHB António De Los Ángeles
|
0-0: Called Strike 0-1: Swinging Strike 0-2: Ball 1-2: Foul Ball, location: 2F 1-2: Strikes out looking
|
Top of the 6th over - 0 run(s), 0 hit(s), 0 error(s), 0 left on base; Albuquerque 0 - Spokane 8 |
BOTTOM OF THE 6TH |
Spokane Trappers batting - Pitching for Albuquerque Isotopes : RHP Mark Sanders
|
Batting: RHB Alejandro Ramos
|
0-0: Foul Ball, location: 2F 0-1: Ball 1-1: Ball 2-1: SINGLE (Groundball, 6MD)
|
Batting: RHB Ramiro Ross
|
0-0: Fly out, F7 (Flyball, 78S)
|
Batting: RHB Robert Marks
|
0-0: Fly out, F8 (Flyball, 8RM)
|
Batting: RHB Pedro Guzmán
|
0-0: Ball 1-0: Called Strike 1-1: SINGLE (Groundball, 4MD) Alejandro Ramos to second
|
Batting: RHB José Gómez
|
0-0: DOUBLE (Flyball, 9D) Alejandro Ramos scores Pedro Guzmán to third
|
Batting: LHB Will Hill
|
0-0: Called Strike 0-1: Called Strike 0-2: Ball 1-2: Foul Ball, location: 2F 1-2: Foul Ball, location: 2F 1-2: Ground out 1-3 (Groundball, 13)
|
Bottom of the 6th over - 1 run(s), 3 hit(s), 0 error(s), 2 left on base; Albuquerque 0 - Spokane 9 |
TOP OF THE 7TH |
Albuquerque Isotopes batting - Pitching for Spokane Trappers : LHP Alberto Cabrera
|
Batting: RHB Alfonso Huertas
|
0-0: Called Strike 0-1: Ball 1-1: Ball 2-1: Ball 3-1: Called Strike 3-2: Ground out 5-3 (Groundball, 5)
|
Batting: RHB Juan Alberto
|
0-0: Swinging Strike 0-1: Called Strike 0-2: Ball 1-2: Ball 2-2: Strikes out swinging
|
Batting: LHB Fernando Ortíz
|
0-0: Foul Ball, location: 2F 0-1: Foul Ball, location: 2F 0-2: Ball 1-2: Strikes out looking
|
Top of the 7th over - 0 run(s), 0 hit(s), 0 error(s), 0 left on base; Albuquerque 0 - Spokane 9 |
BOTTOM OF THE 7TH |
Spokane Trappers batting - Pitching for Albuquerque Isotopes : RHP Mark Sanders
|
Batting: RHB Enrico Rodríguez
|
0-0: Called Strike 0-1: Fly out, F9 (Flyball, 89S)
|
Batting: SHB Glenn Vadnais
|
0-0: Ball 1-0: Called Strike 1-1: Foul Ball, location: 2F 1-2: Fly out, F9 (Flyball, 89M)
|
Pitching: RHP Kenny Skinner
|
|
Batting: LHB Alan Moore
|
0-0: Ball 1-0: Foul Ball, location: 2F 1-1: Foul Ball, location: 2F 1-2: Ground out 4-3 (Groundball, 4)
|
Bottom of the 7th over - 0 run(s), 0 hit(s), 0 error(s), 0 left on base; Albuquerque 0 - Spokane 9 |
TOP OF THE 8TH |
Albuquerque Isotopes batting - Pitching for Spokane Trappers : LHP Alberto Cabrera
|
Pitching: LHP Adrián León
|
|
Batting: RHB Lorenzo Ayala
|
0-0: Ball 1-0: Foul Ball, location: 2F 1-1: Foul Ball, location: 2F 1-2: Foul Ball, location: 2F 1-2: Strikes out swinging
|
Batting: LHB Juan Carlos Sánchez
|
0-0: Swinging Strike 0-1: Ball 1-1: Ball 2-1: Ground out U3 (Groundball, 34S)
|
Batting: RHB Dave Mullen
|
0-0: SINGLE (Groundball, 34D)
|
Batting: RHB Arturo García
|
0-0: Foul Ball, location: 2F 0-1: Ball 1-1: Foul Ball, location: 2F 1-2: Strikes out swinging
|
Top of the 8th over - 0 run(s), 1 hit(s), 0 error(s), 1 left on base; Albuquerque 0 - Spokane 9 |
BOTTOM OF THE 8TH |
Spokane Trappers batting - Pitching for Albuquerque Isotopes : RHP Kenny Skinner
|
Batting: RHB Alejandro Ramos
|
0-0: Ground out 5-3 (Groundball, 56)
|
Batting: RHB Ramiro Ross
|
0-0: Ball 1-0: Swinging Strike 1-1: Foul Ball, location: 2F 1-2: SINGLE (Line Drive, 56)
|
Pitching: RHP Manny Muńóz
|
|
Batting: RHB Robert Marks
|
0-0: Ball 1-0: Ball 2-0: Ball 3-0: Base on Balls Ramiro Ross to second
|
Batting: RHB Pedro Guzmán
|
0-0: Swinging Strike 0-1: Ball 1-1: SINGLE (Groundball, 56D) Ramiro Ross to third Robert Marks to second Runner from 3rd tries for Home, SAFE, throw made home Robert Marks to third Pedro Guzmán to second
|
Batting: RHB José Gómez
|
0-0: Called Strike 0-1: Ball 1-1: Ball 2-1: Single, Error in OF, E7, batter to second base Robert Marks scores Pedro Guzmán scores
|
Batting: LHB Will Hill
|
0-0: Called Strike 0-1: Ball 1-1: Called Strike 1-2: Ball 2-2: Foul Ball, location: 2F 2-2: Ball 3-2: Base on Balls
|
Batting: RHB Enrico Rodríguez
|
0-0: Ball 1-0: Grounds into double play, 3-6-1 (Groundball, 3)
|
Bottom of the 8th over - 3 run(s), 3 hit(s), 1 error(s), 1 left on base; Albuquerque 0 - Spokane 12 |
TOP OF THE 9TH |
Albuquerque Isotopes batting - Pitching for Spokane Trappers : LHP Adrián León
|
Now at 2B: Jaime Padilla
|
|
Now at SS: Dani Rodríguez
|
|
Batting: LHB Bernardo Montés
|
0-0: Called Strike 0-1: Foul Ball, location: 2F 0-2: Fly out, F5 (Popup, 5L)
|
Batting: LHB António De Los Ángeles
|
0-0: Ball 1-0: Ball 2-0: SINGLE (Groundball, 4MD)
|
Batting: RHB Alfonso Huertas
|
0-0: Ball 1-0: Ball 2-0: Ball 3-0: Called Strike 3-1: Base on Balls António De Los Ángeles to second
|
Pinch Hitting: RHB Alden Isenhood
|
0-0: SINGLE (Groundball, 6MD) António De Los Ángeles to third Alfonso Huertas to second Runner from 3rd tries for Home, SAFE, throw made home Alfonso Huertas to third Alden Isenhood to second
|
Batting: LHB Fernando Ortíz
|
0-0: Ball 1-0: Called Strike 1-1: Swinging Strike 1-2: Ground out 4-3 (Groundball, 4S) Alfonso Huertas scores Alden Isenhood to third
|
Batting: RHB Lorenzo Ayala
|
0-0: Foul Ball, location: 2F 0-1: Ball 1-1: Ball 2-1: Ball 3-1: Called Strike 3-2: Foul Ball, location: 2F 3-2: SINGLE (Groundball, 56D) Alden Isenhood scores
|
Batting: LHB Juan Carlos Sánchez
|
0-0: Ball 1-0: Foul Ball, location: 2F 1-1: DOUBLE (Line Drive, 9LD) Lorenzo Ayala to third Runner from 3rd tries for Home, SAFE, no throw
|
Pitching: LHP Júlio Hernández
|
|
Batting: RHB Dave Mullen
|
0-0: SINGLE (Groundball, 56) (infield hit) Juan Carlos Sánchez to third
|
Batting: RHB Arturo García
|
0-0: SINGLE (Groundball, 3D) Juan Carlos Sánchez scores Dave Mullen to second Runner from 2nd tries for 3rd, SAFE, throw made to third Arturo García to second
|
Batting: LHB Bernardo Montés
|
0-0: Called Strike 0-1: Fly out, F7 (Flyball, 7)
|
Top of the 9th over - 5 run(s), 6 hit(s), 0 error(s), 2 left on base; Albuquerque 5 - Spokane 12 |
|